BSA
NIAGARA FALLS FRENZY @ NASSAU ROCKETS
05/05/2027
 
TOP OF THE 1ST
Niagara Falls Frenzy batting - Pitching for Nassau Rockets : RHP Derek Simpson
Pitching: RHP Derek Simpson
Batting: RHB Jorge Cora 0-0: Called Strike
0-1: Ball
1-1: Foul Ball, location: 2F
1-2: Foul Ball, location: 2F
1-2: Foul Ball, location: 2F
1-2: Ball
2-2: Ground out 5-3 (Groundball, 56)
Batting: RHB Zander Tremblett 0-0: Ball
1-0: Foul Ball, location: 2F
1-1: Foul Ball, location: 2F
1-2: Fly out, F9 (Flyball, 9D)
Batting: LHB Clyde Yarbrough 0-0: Foul Ball, location: 2F
0-1: SINGLE (Groundball, 6MD)
Batting: LHB Dante Owens 0-0: Swinging Strike
0-1: Swinging Strike
0-2: Ball
1-2: Ball
2-2: Foul Ball, location: 2F
2-2: Foul Ball, location: 2F
2-2: Foul Ball, location: 2F
2-2: Foul Ball, location: 2F
2-2: Foul Ball, location: 2F
2-2: Fly out, F7 (Flyball, 7S)
Top of the 1st over - 0 run(s), 1 hit(s), 0 error(s), 1 left on base; Niagara Falls 0 - Nassau 0
BOTTOM OF THE 1ST
Nassau Rockets batting - Pitching for Niagara Falls Frenzy : RHP Étienne Garcia
Pitching: RHP Étienne Garcia
Batting: LHB Rafael Delgado 0-0: Ground out 6-3 (Groundball, 6M)
Batting: LHB Andrew Alvarado 0-0: Called Strike
0-1: Called Strike
0-2: Reached on error, E6 (Groundball, 6MS)
Batting: LHB Doug Thompson 0-0: Fly out, F7 (Flyball, 78S)
Batting: LHB Wilson Allen 0-0: Called Strike
0-1: Ground out 4-3 (Groundball, 34)
Bottom of the 1st over - 0 run(s), 0 hit(s), 1 error(s), 1 left on base; Niagara Falls 0 - Nassau 0
TOP OF THE 2ND
Niagara Falls Frenzy batting - Pitching for Nassau Rockets : RHP Derek Simpson
Batting: RHB Jung-ha Kim 0-0: SINGLE (Groundball, 56D)
Batting: LHB Leo Wyeth 0-0: Ball
1-0: Swinging Strike
1-1: Ball
2-1: Foul Ball, location: 2F
2-2: Foul Ball, location: 2F
2-2: Ball
3-2: 2-RUN HOME RUN (Flyball, 9LD), Distance : 345 ft
Batting: LHB Bill Hall 0-0: Swinging Strike
0-1: Ball
1-1: Ball
2-1: Swinging Strike
2-2: Strikes out looking
Batting: SHB Dave MacThomas 0-0: Ground out 6-3 (Groundball, 56D)
Batting: RHB Santiago Zambrano 0-0: Called Strike
0-1: Foul Ball, location: 2F
0-2: Ball
1-2: Foul Ball, location: 2F
1-2: Reaches on Catchers interference
Batting: RHB Jorge Cora Pickoff Throw to First - Error! E1
Santiago Zambrano to second
0-0: Called Strike
0-1: Called Strike
0-2: Ball
1-2: Fly out, F7 (Flyball, 7)
Top of the 2nd over - 2 run(s), 2 hit(s), 2 error(s), 1 left on base; Niagara Falls 2 - Nassau 0
BOTTOM OF THE 2ND
Nassau Rockets batting - Pitching for Niagara Falls Frenzy : RHP Étienne Garcia
Batting: RHB Salvador Borbón 0-0: Ball
1-0: Swinging Strike
1-1: Foul Ball, location: 2F
1-2: Strikes out looking
Batting: LHB Bob Martin 0-0: Ball
1-0: Ball
2-0: Called Strike
2-1: Ground out U3 (Groundball, 34S)
Batting: SHB Howard Parker 0-0: Ground out 1-3 (Groundball, 15S)
Bottom of the 2nd over - 0 run(s), 0 hit(s), 0 error(s), 0 left on base; Niagara Falls 2 - Nassau 0
TOP OF THE 3RD
Niagara Falls Frenzy batting - Pitching for Nassau Rockets : RHP Derek Simpson
Batting: RHB Zander Tremblett 0-0: Swinging Strike
0-1: Foul Ball, location: 2F
0-2: Ball
1-2: Strikes out swinging
Batting: LHB Clyde Yarbrough 0-0: Swinging Strike
0-1: Foul Ball, location: 2F
0-2: Ground out 4-3 (Groundball, 4)
Batting: LHB Dante Owens 0-0: SINGLE (Line Drive, 8LS)
Batting: RHB Jung-ha Kim 0-0: Called Strike
0-1: Ball
1-1: Called Strike
1-2: Ball
2-2: Fly out, F7 (Line Drive, 7LM)
Top of the 3rd over - 0 run(s), 1 hit(s), 0 error(s), 1 left on base; Niagara Falls 2 - Nassau 0
BOTTOM OF THE 3RD
Nassau Rockets batting - Pitching for Niagara Falls Frenzy : RHP Étienne Garcia
Batting: RHB Rubén Matos 0-0: Foul Ball, location: 2F
0-1: Foul Ball, location: 2F
0-2: Ball
1-2: Foul Ball, location: 2F
1-2: Ball
2-2: Ball
3-2: Base on Balls
Batting: RHB Pete Harvey 0-0: Foul Ball, location: 2F
0-1: Ball
1-1: Ball
2-1: Ball
3-1: SINGLE (Groundball, 56D)
Rubén Matos to second
Batting: LHB Rafael Delgado 0-0: Ball
1-0: Fly out, F8 (Flyball, 8LM)
Batting: LHB Andrew Alvarado 0-0: Ball
1-0: Ball
2-0: Ball
3-0: Called Strike
3-1: Base on Balls
Rubén Matos to third
Pete Harvey to second
Batting: LHB Doug Thompson 0-0: Ball
1-0: Called Strike
1-1: Ball
Passed Ball!
Rubén Matos scores
Pete Harvey to third
Andrew Alvarado to second
2-1: SINGLE (Line Drive, 4MD)
Pete Harvey scores
Andrew Alvarado to third
Batting: LHB Wilson Allen 0-0: Ball
1-0: Ball
2-0: Fly out, F5 (Popup, 5)
Batting: RHB Salvador Borbón 0-0: Called Strike
0-1: Called Strike
0-2: Ball
1-2: Ball
2-2: Fly out, F7 (Flyball, 7S)
Bottom of the 3rd over - 2 run(s), 2 hit(s), 0 error(s), 2 left on base; Niagara Falls 2 - Nassau 2
TOP OF THE 4TH
Niagara Falls Frenzy batting - Pitching for Nassau Rockets : RHP Derek Simpson
Batting: LHB Leo Wyeth 0-0: Foul Ball, location: 2F
0-1: Foul Ball, location: 2F
0-2: Ball
1-2: Foul Ball, location: 2F
1-2: Foul Ball, location: 2F
1-2: Ball
2-2: Ball
3-2: Base on Balls
Batting: LHB Bill Hall 0-0: Ball
1-0: Ball
2-0: Called Strike
2-1: Foul Ball, location: 2F
2-2: DOUBLE (Line Drive, 89D)
Leo Wyeth to third
Runner from 3rd tries for Home, throw and OUT!
Batting: SHB Dave MacThomas 0-0: Called Strike
0-1: Swinging Strike
0-2: Ball
1-2: Ball
Wild Pitch!
Bill Hall to third
2-2: Foul Ball, location: 2F
2-2: Foul Ball, location: 2F
2-2: Strikes out swinging
Batting: RHB Santiago Zambrano 0-0: Ground out 5-3 (Groundball, 56)
Top of the 4th over - 0 run(s), 1 hit(s), 0 error(s), 1 left on base; Niagara Falls 2 - Nassau 2
BOTTOM OF THE 4TH
Nassau Rockets batting - Pitching for Niagara Falls Frenzy : RHP Étienne Garcia
Batting: LHB Bob Martin 0-0: Ball
1-0: Ball
2-0: Foul Ball, location: 2F
2-1: Foul Ball, location: 2F
2-2: Ball
3-2: Foul Ball, location: 2F
3-2: Base on Balls
Batting: SHB Howard Parker 0-0: Called Strike
0-1: Grounds into double play, 5-4-3 (Groundball, 5)
Batting: RHB Rubén Matos 0-0: Called Strike
0-1: SINGLE (Line Drive, 4)
Batting: RHB Pete Harvey 0-0: Swinging Strike
0-1: Ball
1-1: Ball
2-1: Ball
3-1: Foul Ball, location: 2F
3-2: Foul Ball, location: 2F
3-2: Strikes out looking
Bottom of the 4th over - 0 run(s), 1 hit(s), 0 error(s), 1 left on base; Niagara Falls 2 - Nassau 2
TOP OF THE 5TH
Niagara Falls Frenzy batting - Pitching for Nassau Rockets : RHP Derek Simpson
Batting: RHB Jorge Cora 0-0: Called Strike
0-1: Ball
1-1: Fly out, F7 (Line Drive, 7D)
Batting: RHB Zander Tremblett 0-0: Ground out 5-3 (Groundball, 56)
Batting: LHB Clyde Yarbrough 0-0: Foul Ball, location: 2F
0-1: Foul Ball, location: 2F
0-2: Foul Ball, location: 2F
0-2: DOUBLE (Line Drive, 78D)
Batting: LHB Dante Owens 0-0: Foul Ball, location: 2F
0-1: Called Strike
0-2: Foul Ball, location: 2F
0-2: Ball
1-2: Ball
2-2: Ball
3-2: SINGLE (Line Drive, 8LS)
Clyde Yarbrough to third
Clyde Yarbrough scores
Batting: RHB Jung-ha Kim 0-0: Fly out, F8 (Flyball, 8RM)
Top of the 5th over - 1 run(s), 2 hit(s), 0 error(s), 1 left on base; Niagara Falls 3 - Nassau 2
BOTTOM OF THE 5TH
Nassau Rockets batting - Pitching for Niagara Falls Frenzy : RHP Étienne Garcia
Batting: LHB Rafael Delgado 0-0: Ball
1-0: Ball
2-0: SINGLE (Groundball, 34D)
Batting: LHB Andrew Alvarado 0-0: SINGLE (Line Drive, 9S)
Rafael Delgado to second
Batting: LHB Doug Thompson 0-0: Swinging Strike
0-1: Ball
1-1: Fly out, F4 (Line Drive, 4)
Batting: LHB Wilson Allen 0-0: Called Strike
0-1: Foul Ball, location: 2F
0-2: Ball
1-2: Ball
2-2: Fly out, F8 (Flyball, 8RXD)
Runner from 2nd tags up, SAFE at 3rd, no throw
Batting: RHB Salvador Borbón 0-0: Fly out, F7 (Flyball, 78M)
Bottom of the 5th over - 0 run(s), 2 hit(s), 0 error(s), 2 left on base; Niagara Falls 3 - Nassau 2
TOP OF THE 6TH
Niagara Falls Frenzy batting - Pitching for Nassau Rockets : RHP Derek Simpson
Batting: LHB Leo Wyeth 0-0: Ball
1-0: Called Strike
1-1: Foul Ball, location: 2F
1-2: DOUBLE (Line Drive, 89D)
Pitching: LHP Dennis Taylor
Batting: LHB Bill Hall 0-0: Ball
1-0: Foul Ball, location: 2F
1-1: Foul Ball, location: 2F
1-2: Ball
2-2: Strikes out looking
Batting: SHB Dave MacThomas 0-0: Foul Ball, location: 2F
0-1: Foul Ball, location: 2F
0-2: Ball
1-2: Strikes out looking
Batting: RHB Santiago Zambrano 0-0: Foul Ball, location: 2F
0-1: Ball
1-1: Called Strike
1-2: Strikes out swinging
Top of the 6th over - 0 run(s), 1 hit(s), 0 error(s), 1 left on base; Niagara Falls 3 - Nassau 2
BOTTOM OF THE 6TH
Nassau Rockets batting - Pitching for Niagara Falls Frenzy : RHP Étienne Garcia
Batting: LHB Bob Martin 0-0: Ball
1-0: Fly out, F9 (Flyball, 89D)
Batting: SHB Howard Parker 0-0: SINGLE (Groundball, 6S) (infield hit)
Batting: RHB Rubén Matos 0-0: Called Strike
Howard Parker steals 2nd base
0-1: Ball
1-1: Ground out 1-3 (Groundball, P)
Howard Parker to third
Batting: RHB Pete Harvey 0-0: Foul Ball, location: 2F
0-1: Ball
1-1: Foul Ball, location: 2F
1-2: Ball
2-2: Ground out 4-3 (Groundball, 4S)
Bottom of the 6th over - 0 run(s), 1 hit(s), 0 error(s), 1 left on base; Niagara Falls 3 - Nassau 2
TOP OF THE 7TH
Niagara Falls Frenzy batting - Pitching for Nassau Rockets : LHP Dennis Taylor
Batting: RHB Jorge Cora 0-0: Ball
1-0: Called Strike
1-1: Ball
2-1: SINGLE (Groundball, 6D)
Batting: RHB Zander Tremblett 0-0: Bunted foul
0-1: Ball
1-1: Ball
2-1: Sac Bunt - play at first, batter OUT! 1-4
Jorge Cora to second
Batting: LHB Clyde Yarbrough 0-0: Ball
1-0: Foul Ball, location: 2F
1-1: Ball
2-1: Ball
3-1: Fly out, F7 (Flyball, 7)
Batting: LHB Dante Owens 0-0: Ball
1-0: Called Strike
1-1: Swinging Strike
1-2: Ball
2-2: Ball
3-2: Base on Balls
Batting: RHB Jung-ha Kim 0-0: Called Strike
0-1: Called Strike
0-2: Ball
1-2: Foul Ball, location: 2F
1-2: Strikes out looking
Top of the 7th over - 0 run(s), 1 hit(s), 0 error(s), 2 left on base; Niagara Falls 3 - Nassau 2
BOTTOM OF THE 7TH
Nassau Rockets batting - Pitching for Niagara Falls Frenzy : RHP Étienne Garcia
Batting: LHB Rafael Delgado 0-0: Ball
1-0: Swinging Strike
1-1: Foul Ball, location: 2F
1-2: Foul Ball, location: 2F
1-2: Ball
2-2: Foul Ball, location: 2F
2-2: Strikes out swinging
Batting: LHB Andrew Alvarado 0-0: DOUBLE (Line Drive, 8LXD)
Pitching: RHP Mark Head
Batting: LHB Doug Thompson 0-0: Ball
1-0: Ball
2-0: Called Strike
2-1: Ball
3-1: Fly out, F9 (Flyball, 89D)
Runner from 2nd tags up, SAFE at 3rd, no throw
Batting: LHB Wilson Allen 0-0: Called Strike
0-1: Ball
1-1: Ball
Balk!
Andrew Alvarado scores
2-1: Ball
3-1: SINGLE (Line Drive, 6D)
Batting: RHB Salvador Borbón 0-0: Foul Ball, location: 2F
0-1: Ball
1-1: Called Strike
1-2: Ground out 1-3 (Groundball, 13S)
Bottom of the 7th over - 1 run(s), 2 hit(s), 0 error(s), 1 left on base; Niagara Falls 3 - Nassau 3
TOP OF THE 8TH
Niagara Falls Frenzy batting - Pitching for Nassau Rockets : LHP Dennis Taylor
Batting: LHB Leo Wyeth 0-0: Swinging Strike
0-1: Swinging Strike
0-2: Ball
1-2: Fly out, F7 (Flyball, 7D)
Pinch Hitting: RHB Cordell Gibson 0-0: Ball
1-0: Swinging Strike
1-1: Ball
2-1: Ball
3-1: Base on Balls
Batting: SHB Dave MacThomas 0-0: Ball
1-0: Called Strike
1-1: Called Strike
1-2: Ball
2-2: Strikes out swinging
Pitching: RHP Ju-choer Yi
Pinch Hitting: LHB Arturo López 0-0: Foul Ball, location: 2F
0-1: Ball
1-1: Fly out, F9 (Flyball, 9S)
Top of the 8th over - 0 run(s), 0 hit(s), 0 error(s), 1 left on base; Niagara Falls 3 - Nassau 3
BOTTOM OF THE 8TH
Nassau Rockets batting - Pitching for Niagara Falls Frenzy : RHP Mark Head
Now at 2B: Ramiro Gámez
Now at SS: Arturo López
Batting: LHB Bob Martin 0-0: Called Strike
0-1: Ball
1-1: Fly out, F5 (Line Drive, 56)
Batting: SHB Howard Parker 0-0: Called Strike
0-1: Hit by Pitch
Batting: RHB Rubén Matos 0-0: Ball
1-0: Called Strike
1-1: Grounds into double play, 4-6-3 (Groundball, 4)
Bottom of the 8th over - 0 run(s), 0 hit(s), 0 error(s), 0 left on base; Niagara Falls 3 - Nassau 3
TOP OF THE 9TH
Niagara Falls Frenzy batting - Pitching for Nassau Rockets : RHP Ju-choer Yi
Pitching: RHP Roberto Reyes
Batting: RHB Jorge Cora 0-0: Ball
1-0: Fly out, F8 (Line Drive, 8LM)
Batting: RHB Zander Tremblett 0-0: Ball
1-0: Called Strike
1-1: Ball
2-1: Fly out, F9 (Flyball, 9LM)
Batting: LHB Clyde Yarbrough 0-0: Ball
1-0: Called Strike
1-1: Foul Ball, location: 2F
1-2: Ball
2-2: Foul Ball, location: 2F
2-2: Ball
3-2: DOUBLE (Line Drive, 7LS)
Batting: LHB Dante Owens 0-0: Ball
1-0: Ball
2-0: Ball
3-0: Base on Balls
Batting: RHB Jung-ha Kim 0-0: Called Strike
0-1: Ball
1-1: Ball
2-1: Foul Ball, location: 2F
2-2: Strikes out swinging
Top of the 9th over - 0 run(s), 1 hit(s), 0 error(s), 2 left on base; Niagara Falls 3 - Nassau 3
BOTTOM OF THE 9TH
Nassau Rockets batting - Pitching for Niagara Falls Frenzy : RHP Mark Head
Pitching: RHP Esteban Juárez
Batting: RHB Pete Harvey 0-0: Called Strike
0-1: Ball
1-1: Ground out 4-3 (Groundball, 4M)
Pinch Hitting: LHB Phil Smith 0-0: Ball
1-0: Called Strike
1-1: Ball
2-1: Foul Ball, location: 2F
2-2: Fly out, F8 (Flyball, 8RD)
Batting: LHB Andrew Alvarado 0-0: Fly out, F8 (Flyball, 8LD)
Bottom of the 9th over - 0 run(s), 0 hit(s), 0 error(s), 0 left on base; Niagara Falls 3 - Nassau 3
TOP OF THE 10TH
Niagara Falls Frenzy batting - Pitching for Nassau Rockets : RHP Roberto Reyes
Now in CF: Phil Smith
Batting: LHB Leo Wyeth 0-0: Ball
1-0: Ball
2-0: Called Strike
2-1: Ball
3-1: Swinging Strike
3-2: Foul Ball, location: 2F
3-2: Foul Ball, location: 2F
3-2: SOLO HOME RUN (Flyball, 89XD), Distance : 399 ft
Batting: RHB Ramiro Gámez 0-0: Called Strike
0-1: SINGLE (Groundball, 56D)
Batting: SHB Dave MacThomas 0-0: Bunt missed!
0-1: Bunted foul
0-2: Ball
1-2: Ball
2-2: Ball
3-2: Base on Balls
Ramiro Gámez to second
Pitching: LHP Gianluigi Ciottone
Batting: LHB Arturo López 0-0: Called Strike
0-1: Fly out, F4 (Popup, 4)
Pitching: RHP Suezo Morimoto
Batting: RHB Jorge Cora 0-0: Called Strike
0-1: Called Strike
0-2: Fielders Choice at 2nd, 1-4 (Groundball, 15S)
Ramiro Gámez to third
Batting: RHB Zander Tremblett 0-0: Ball
1-0: Fly out, F9 (Line Drive, 9S)
Top of the 10th over - 1 run(s), 2 hit(s), 0 error(s), 2 left on base; Niagara Falls 4 - Nassau 3
BOTTOM OF THE 10TH
Nassau Rockets batting - Pitching for Niagara Falls Frenzy : RHP Esteban Juárez
Batting: LHB Doug Thompson 0-0: Called Strike
0-1: DOUBLE (Line Drive, 9LM)
Batting: LHB Wilson Allen 0-0: Ball
1-0: Ball
2-0: Ball
3-0: Base on Balls
Batting: RHB Salvador Borbón 0-0: Grounds into double play, 5-4-3 (Groundball, 56)
Doug Thompson to third
Batting: LHB Bob Martin 0-0: Ball
1-0: Swinging Strike
1-1: Foul Ball, location: 2F
1-2: Strikes out swinging
Bottom of the 10th over - 0 run(s), 1 hit(s), 0 error(s), 1 left on base; Niagara Falls 4 - Nassau 3
Thursday, March 30th, 2017 - OOTP Baseball 17.12 Build 75